 Dungeon Crawl Stone Soup version 0.24-a0-434-gd57e52fea8 (webtiles) character file.

Game seed: 1779648406398867436

119 theanonym the Magician (level 4, -4/30 HPs)
             Began as a Mummy Air Elementalist on June 15, 2019.
             Slain by a river rat (7 damage)
             ... summoned by Eustachio
             ... on level 4 of the Dungeon.
             The game lasted 00:05:51 (3909 turns).

theanonym the Magician (Mummy Air Elementalist)     Turns: 3909, Time: 00:05:51

Health: -4/30      AC:  5    Str: 11    XL:     4   Next: 74%
Magic:  2/9        EV: 10    Int: 15    God:
Gold:   184        SH:  0    Dex: 12    Spells: 0/10 levels left

rFire    x . .     SeeInvis .   m - +0 dagger (venom)
rCold    + . .     Gourm    .   (no shield)
rNeg     + + +     Faith    .   h - +0 ring mail
rPois    ∞         Spirit   .   (no helmet)
rElec    .         Reflect  .   (no cloak)
rCorr    .         Harm     .   (no gloves)
MR       .....                  (no boots)
Stlth    +.........             (no amulet)
HPRegen  0.10/turn              d - ring of wizardry
MPRegen  0.11/turn              j - ring of wizardry

@: about to teleport, very slightly contaminated
A: no food or potions, fire vulnerability, cold resistance 1, negative energy
resistance 3, torment resistance, unbreathing
a: no special abilities


Innate Abilities, Weirdness & Mutations

You do not eat or drink.
Your flesh is vulnerable to fire.
You are immune to poison.
Your flesh is cold resistant. (rC+)
You are immune to negative energy. (rN+++)
You are immune to unholy pain and torment.
You can survive without breathing.


   Skills:
 * Level 1.9 Armour
 - Level 1.5 Dodging
 - Level 1.5 Stealth
 + Level 3.7 Spellcasting
 + Level 1.8 Conjurations
 + Level 3.0 Air Magic


You couldn't memorise any spells.
You knew the following spells:

 Your Spells              Type           Power        Failure   Level  Hunger
a - Shock                 Conj/Air       ##..         4%          1    N/A
b - Static Discharge      Conj/Air       ##......     13%         3    N/A
e - Airstrike             Air            ##........   30%         4    N/A
s - Swiftness             Chrm/Air       #.......     10%         2    N/A

Your spell library contained the following spells:

 Spells                   Type           Power        Failure   Level  Hunger
 Lightning Bolt           Conj/Air       ##........   71%         5    N/A

Skill      XL: |  1  2  3 |
---------------+----------+-----
Spellcasting   | 3 |  3.7
Conjurations   | 1 |  1.8
Armour         | 1 |  1.9
Air Magic      | 3 |  3.0
Dodging        | |  1.5
Stealth        | |  1.5

Action                   |  1- 3 |  4- 6 || total
-------------------------+-------+-------++-------
Melee: Short sword       |    23 |     1 ||    24
       Dagger            |       |    20 ||    20
 Cast: Shock             |    77 |    59 ||   136
  Use: Scroll            |       |     3 ||     3
Armor: Robe              |     2 |       ||     2
       Ring mail         |    11 |    27 ||    38
Dodge: Dodged            |    20 |    52 ||    72

Inventory:

Hand Weapons
 m - a +0 dagger of venom (weapon)
Armour
 h - a +0 ring mail (worn)
Jewellery
 d - a ring of wizardry (left hand)
 j - a ring of wizardry (right hand)
Scrolls
 e - a scroll of blinking {unknown}
 f - a scroll of random uselessness {unknown}
 i - 2 scrolls of immolation {unknown}
 k - 2 scrolls of remove curse {unknown}
 r - 3 scrolls of identify
 t - 3 scrolls of teleportation


You were on level 4 of the Dungeon.
You were not hungry.

You visited 1 branch of the dungeon, and saw 4 of its levels.

You collected 184 gold pieces.

Dungeon Overview and Level Annotations

Branches:
Dungeon (4/15)
 Temple: D:4-7

Altars:
Dithmenos
Kikubaaqudgha
Sif Muna
Zin

Annotations:
D:2 Sigmund
D:4 Eustachio

..[####.## #.#*,,,,,,,,,,,,*
....##...## #.#*,,,,,,,,,,,,*
..........# #.#*,,,,.......,*
#.........# #.#*...........**
##....§...# #.#*#.........#*
##.......# #.# *........*###
#.......# #r###*......###..
##.....## ##r55###...##.....
#.....## ###@@r5..##.......#.
##.....####.a#####........##..
##.....##..## ####...##....
#........## ##..#.....
##......## ##....... #....###
##...... ###### ##..... ###...
####


You could see Eustachio, a worker ant, an iron imp, a quasit, 3 river rats and a
shadow imp.

Notes
Turn   | Place    | Note
-------+----------+-------------------------------------------
     0 | D:1      | theanonym the Mummy Air Elementalist began the quest for
                  | the Orb.
     0 | D:1      | Reached XP level 1. HP: 13/13 MP: 4/4
   388 | D:1      | Reached skill level 3 in Spellcasting
   388 | D:1      | Reached skill level 1 in Conjurations
   388 | D:1      | Reached XP level 2. HP: 13/19 MP: 0/6
  1159 | D:2      | HP: 8/19 [hobgoblin/+0 club (3)]
  1361 | D:2      | Reached XP level 3. HP: 23/24 MP: 0/7
  1431 | D:2      | Noticed Sigmund
  1723 | D:2      | Reached skill level 1 in Armour
  1964 | D:2      | HP: 8/24 [Sigmund/puff of flame (10)]
  2162 | D:1      | Learned a level 2 spell: Swiftness
  2264 | D:3      | Learned a level 3 spell: Static Discharge
  2510 | D:3      | HP: 11/24 [worker ant (4)]
  2511 | D:3      | Reached skill level 3 in Air Magic
  2511 | D:3      | Reached XP level 4. HP: 14/30 MP: 0/9
  2783 | D:3      | Found a glowing silver altar of Zin.
  2787 | D:3      | Found a shadowy altar of Dithmenos.
  2792 | D:3      | Found a deep blue altar of Sif Muna.
  2925 | D:3      | Learned a level 4 spell: Airstrike
  3607 | D:4      | Found an ancient bone altar of Kikubaaqudgha.
  3624 | D:4      | Noticed a slave
  3624 | D:4      | Noticed a slave
  3624 | D:4      | Noticed a slave
  3650 | D:4      | Killed a slave
  3657 | D:4      | Killed a slave
  3869 | D:4      | Noticed Eustachio
  3907 | D:4      | HP: 11/30 [river rat[Eustachio] (7)]
  3908 | D:4      | HP: 3/30 [Eustachio/+0 rapier (8)]
  3909 | D:4      | Slain by a river rat

Vanquished Creatures
  2 slaves (D:4)
  A worker ant (D:3)
  4 adders
  An ooze (D:1)
  3 dart slugs
  2 worms (D:3)
  A leopard gecko (D:3)
  A ball python (D:3)
  3 giant cockroaches
  3 goblins
  7 hobgoblins
  A ball python skeleton (D:4)
  6 bats
  7 frilled lizards
  4 kobolds
  4 rats
50 creatures vanquished.

Table legend:
 A = Turns spent in this place as a percentage of turns spent in the entire game.
 B = Non-inter-level travel turns spent in this place as a percentage of non-inter-level travel turns spent in the entire game.
 C = Inter-level travel turns spent in this place as a percentage of turns spent in this place.
 D = Turns resting spent in this place as a percentage of non-inter-level travel turns spent in this place.
 E = Turns spent auto-exploring this place as a percentage of non-inter-level travel turns spent in this place.
 F = Non-inter-level travel turns spent in this place divided by the number of levels of this place that you've seen.
                   A       B       C       D       E      F
               +-------+-------+-------+-------+-------+----------------------
         Total | 100.0 | 100.0 |   5.1 |  42.9 |  45.1 | 927.0
       Dungeon | 100.0 | 100.0 |   5.1 |  42.9 |  45.1 | 927.0
               +-------+-------+-------+-------+-------+----------------------
